 Dungeon Crawl Stone Soup version 0.28-a0-1199-gef9e1dbd39 (webtiles) character file.

Game seed: 16092177811951814130

313 HessuHobo the Cudgeller (level 6, 0/61 HPs)
             Began as a Troll Fighter on Dec 19, 2021.
             Slain by Grinder (2 damage)
             ... while paralysed by Grinder
             ... on level 4 of the Dungeon.
             The game lasted 00:09:29 (3516 turns).

HessuHobo the Cudgeller (Troll Fighter)             Turns: 3516, Time: 00:09:30

Health: 0/61       AC:  4    Str: 25    XL:     6   Next: 19%
Magic:  5/5        EV:  1    Int:  6    God:
Gold:   125        SH:  0    Dex:  9    Spells: 5/5 levels left

rFire   . . .      SeeInvis .   a - +0 flail
rCold   . . .      Faith    .   c - +0 kite shield
rNeg    . . .      Spirit   .   b - +0 robe
rPois   .          Reflect  .   (helmet restricted)
rElec   .          Harm     .   (no cloak)
rCorr   .          Rampage  .   (gloves unavailable)
Will    .....                   (boots unavailable)
Stlth   +.........              (no amulet)
HPRegen 1.00/turn               (no ring)
MPRegen 0.09/turn               (no ring)

@: paralysed, mighty
A: large, unfitting armour, claws 3, regeneration 1, shaggy fur 1, tough skin 1
a: no special abilities


You were on level 4 of the Dungeon.
You visited 1 branch of the dungeon, and saw 4 of its levels.

You collected 125 gold pieces.

Inventory:

Hand Weapons
 a - a +0 flail (weapon)
Missiles
 l - a large rock
 r - 36 poisoned darts (quivered)
Armour
 b - a +0 robe (worn)
 c - a +0 kite shield (worn)
Jewellery
 v - an amulet of the acrobat
Wands
 o - a wand of digging (6)
 y - a wand of polymorph (8)
Scrolls
 e - a scroll of blinking {unknown}
 f - 2 scrolls of identify {unknown}
 g - a scroll of fear {unknown}
 i - a scroll of teleportation {unknown}
 j - 2 scrolls of fog {unknown}
 k - a scroll of noise {unknown}
 m - 2 scrolls of immolation {unknown}
 n - a scroll of summoning {unknown}
 t - a scroll of enchant armour {unknown}
 x - a scroll of silence {unknown}
Potions
 h - a potion of lignification {unknown}
 p - a potion of brilliance {unknown}
 q - a potion of flight {unknown}
 s - 2 potions of magic {unknown}
 u - 2 potions of cancellation {unknown}
 w - a potion of curing {unknown}
 z - a potion of mutation {unknown}


   Skills:
 + Level 3.3 Fighting
 * Level 3.9 Maces & Flails
 + Level 1.7 Throwing
 + Level 1.9 Armour
 - Level 2.4 Dodging
 - Level 2.4 Shields
 + Level 1.2 Evocations


You had 5 spell levels left.
You didn't know any spells.
Your spell library was empty.

Dungeon Overview and Level Annotations

Branches:
Dungeon (4/15)             Temple (0/1) D:4

Altars:

Annotations:
D:4 Grinder


Innate Abilities, Weirdness & Mutations

You are too large for most types of armour.
You have claws for hands.
Your natural rate of healing is unusually fast.
You are covered in fur. (AC +1)
You have tough skin. (AC +1)


Message History

[Y]es or [N]o only, please.
Really attack while wielding nothing? [Y]es or [N]o only, please.
Really attack while wielding nothing?
Okay, then.
a - a +0 flail (weapon)
You barely miss Grinder. You block Grinder's attack.
You closely miss Grinder. Grinder closely misses you. Grinder hits you.
You writhe in agony.
You bludgeon Grinder!!
Grinder is heavily wounded.
You block Grinder's attack.
You closely miss Grinder.
Grinder is heavily wounded.
Grinder says, "Don't move a muscle."
Grinder barely misses you. Grinder gestures at you.
Pain shoots through your body!
You hit Grinder.
Grinder is heavily wounded.
Grinder hits you but does no damage.
You hit Grinder.
Grinder is severely wounded.
Grinder hits you.
You writhe in agony.
* * * LOW HITPOINT WARNING * * *
You sock Grinder!
Grinder is almost dead.
Grinder hits you!
* * * LOW HITPOINT WARNING * * *
Grinder gestures at you.
You suddenly lose the ability to move!
Grinder hits you but does no damage. Grinder hits you.
* * * LOW HITPOINT WARNING * * *
You writhe in agony.
* * * LOW HITPOINT WARNING * * *
Grinder hits you!
* * * LOW HITPOINT WARNING * * *
You writhe in agony.
You die...

## ### # .. .> #.############
#. #. #.............
.##.(##.#############..#######.
#....5.#.....5@..# #..# #.
#(########.####..# #. #.#
#...........)# #. #.#
#.####.####.## ## #..
#.####.### #.# #.##.....# ..#
#.##.###.#### #.# #....# #....#
#.# ####.###.##.#


You could see Grinder.

Vanquished Creatures
  An ice beast (D:3)
  A necrophage (D:4)
  Ijyb (D:4)
  An iguana (D:4)
  2 adders (D:3)
  A worm (D:3)
  4 endoplasms
  3 giant cockroaches
  3 goblins
  9 hobgoblins
  4 jackals (D:1)
  6 kobolds
  3 quokkas
  8 ball pythons
  5 bats
  4 frilled lizards
  6 rats
62 creatures vanquished.

Notes
Turn   | Place    | Note
-------+----------+-------------------------------------------
     0 | D:1      | HessuHobo the Troll Fighter began the quest for the Orb.
     0 | D:1      | Reached XP level 1. HP: 22/22 MP: 0/0
   182 | D:1      | Reached XP level 2. HP: 29/29 MP: 1/1
   264 | D:1      | Found a faded altar of an unknown god.
   945 | D:1      | Reached XP level 3. HP: 35/36 MP: 2/2
  1058 | D:2      | Reached skill level 1 in Armour
  1429 | D:3      | Noticed an ice beast
  1488 | D:3      | Killed an ice beast
  1489 | D:3      | Reached skill level 1 in Throwing
  1489 | D:3      | Reached XP level 4. HP: 40/45 MP: 3/3
  1489 | D:3      | Reached XP level 5. HP: 47/53 MP: 4/4
  3209 | D:4      | HP: 2/53 [iguana (4)]
  3222 | D:4      | Found a staircase to the Ecumenical Temple.
  3269 | D:4      | Reached skill level 1 in Evocations
  3369 | D:4      | Noticed Ijyb
  3374 | D:4      | Killed Ijyb
  3414 | D:4      | Noticed a necrophage
  3447 | D:4      | Killed a necrophage
  3448 | D:4      | Reached XP level 6. HP: 41/61 MP: 5/5
  3489 | D:4      | Noticed Grinder
  3498 | D:4      | Paralysed by Grinder for 6 turns
  3513 | D:4      | Paralysed by Grinder for 6 turns
  3516 | D:4      | HP: 2/61 [Grinder (7)]
  3516 | D:4      | Slain by Grinder

Illustrated notes

Levels and vault maps discovered:
D:1:      minmay_arrival_shattered_statue, layout_rooms,
          hellmonk_ecumenical_altar_zigzags
D:2:      layout_rooms
D:3:      layout_basic, serial_aquarium, aquarium_bridge_square
          [aquarium_subvault_window, aquarium_subvault_window,
          aquarium_subvault_bridge, aquarium_subvault_bridge],
          aquarium_window_3, aquarium_window_1, aquarium_window_1,
          aquarium_window_2, aquarium_view_2g, kennysheep_generic_room_13
D:4:      layout_loops_ring, minmay_temple_entry_water_ring, uniq_grinder,
          uniq_ijyb

Skill      XL: |  1  2  3  4  5 |
---------------+----------------+-----
Maces & Flails | 2 3 |  3.9
Armour         | 1 |  1.9
Fighting       | 3 |  3.3
Throwing       | 1 |  1.7
Evocations     | 1 |  1.2
Dodging        | |  2.4
Shields        | |  2.4

Action                   |  1- 3 |  4- 6 || total
-------------------------+-------+-------++-------
Melee: Flail             |   136 |    99 ||   235
Throw: Dart              |    12 |     6 ||    18
       Large rock        |     1 |     1 ||     2
  Use: Potion            |       |     1 ||     1
Armor: Robe              |    74 |    40 ||   114
Dodge: Dodged            |    69 |    43 ||   112
Block: Kite shield       |    76 |    31 ||   107

Table legend: (Time is in decaauts)
 A = Elapsed time spent in this place.
 B = Non-inter-level travel time spent in this place.
 C = Inter-level travel time spent in this place.
 D = Time resting spent in this place.
 E = Time spent auto-exploring this place.
 F = Levels seen in this place.
 G = Mean time per level.
                   A        B        C        D        E       F      G
               +--------+--------+--------+--------+--------+-----+--------+
         Total |   3636 |   3596 |     40 |   1053 |   1416 |   4 |  909.0 |
       Dungeon |   3636 |   3596 |     40 |   1053 |   1416 |   4 |  909.0 |
               +--------+--------+--------+--------+--------+-----+--------+

Top non-repeatable levels by time:
     D:3: 1821 daAuts
     D:1: 989 daAuts
     D:2: 462 daAuts
     D:4: 363 daAuts
